AoeStats
← El Fantasma de Pancho Villa

Arena

506589678Analyzed
4v4 RM · 19d ago on Sep 14, 2026· 51m 32s· 8 players
Game mode
Random Map
Map size
Large (8 player)
Population
200
Speed
Normal
Resources
Standard
Victory
Conquest
Starting age
Dark Age
Ending age
Imperial Age
RankedLock teamsTeams togetherTeam positionsShared explorationLock speedFull tech treeHidden civsTurbo modeCheats
Victory
Defeat
🇮🇳 Jurchens · India
1077
+16
🇨🇳 Romans · China
1058
+16
🇨🇳 Celts · China
1053
+16
🇨🇳 Khmer · China
1052
+17
🇹🇷 Saracens · Türkiye
1079
-17
🇺🇸 Cumans · United States
1078
-17
🇦🇺 Tatars · Australia
1061
-16
🇪🇸 Berbers · Spain
1044
-15
958457603
10:37 Feudal Age
14:51 Castle Age
13:28 Double-Bit Axe
14:27 Horse Collar
16:39 Loom
17:30 Wheelbarrow
17:05 Loom
21:54 Town Watch
23:19 Bow Saw
24:46 Fortified Wall
25:50 Masonry
26:41 Heavy Plow
27:36 Gold Mining
28:50 Scale Mail Armor
29:27 Hand Cart
29:07 Treadmill Crane
30:17 Gold Shaft Mining
32:37 Imperial Age
30:47 Chain Mail Armor
30:42 Forging
30:58 Pikeman
31:51 Murder Holes
34:17 Iron Casting
33:39 Stone Mining
33:29 Halberdier
34:41 Plate Mail Armor
34:27 Heavy Scorpion
37:25 Conscription
37:16 Furor Celtica
37:45 Hoardings
40:20 Capped Ram
43:19 Guilds
44:16 Blast Furnace
44:08 Stronghold
46:46 Siege Engineers
46:18 Siege Ram
47:59 Coinage
findingmontoo7
11:00 Feudal Age
15:06 Castle Age
12:58 Double-Bit Axe
12:56 Horse Collar
16:03 Bow Saw
17:00 Heavy Plow
18:55 Loom
19:47 Fletching
27:34 Wheelbarrow
30:04 Forging
34:54 Hand Cart
38:54 Imperial Age
36:26 Gold Mining
37:29 Iron Casting
37:02 Scale Barding Armor
37:45 Town Watch
39:54 Chain Barding Armor
40:14 Conscription
40:00 Stone Mining
41:21 Plate Barding Armor
41:36 Bloodlines
41:26 Husbandry
42:37 Elite Iron Pagoda
44:33 Blast Furnace
44:36 Crop Rotation
47:13 Bodkin Arrow
yigjiajsdihna
11:03 Feudal Age
12:19 Wheelbarrow
11:26 Horse Collar
11:35 Double-Bit Axe
17:46 Castle Age
18:50 Hand Cart
18:48 Bow Saw
18:40 Heavy Plow
25:48 Stone Mining
25:49 Gold Mining
27:38 Gold Shaft Mining
30:49 Imperial Age
28:52 Ballistas
29:11 Ballistics
32:16 Conscription
32:35 Heavy Scorpion
34:40 Chemistry
34:26 Siege Engineers
35:20 Guilds
41:23 Masonry
41:24 Fortified Wall
00后嚣张
10:33 Feudal Age
12:24 Double-Bit Axe
14:52 Castle Age
12:52 Horse Collar
14:59 Stone Mining
15:58 Bow Saw
20:51 Heavy Plow
24:10 Gold Mining
25:07 Wheelbarrow
24:58 Town Watch
26:07 Gold Shaft Mining
27:00 Hand Cart
27:58 Stone Shaft Mining
30:15 Imperial Age
28:00 Forging
27:55 Scale Barding Armor
28:23 Ballistics
28:30 Town Patrol
28:16 Loom
30:10 Iron Casting
29:55 Chain Barding Armor
31:49 Coinage
31:19 Caravan
31:35 Fortified Wall
31:35 Masonry
31:31 Husbandry
31:42 Bloodlines
32:42 Conscription
33:41 Banking
34:15 Blast Furnace
33:50 Plate Barding Armor
33:14 Murder Holes
36:19 Siege Engineers
36:46 Architecture
37:30 Double Crossbow
45:45 Elite Ballista Elephant
46:56 Elite Battle Elephant
El Fantasma de Pancho Villa
14:02 Feudal Age
14:40 Double-Bit Axe
15:30 Man-at-Arms
21:33 Fletching
21:45 Scale Mail Armor
26:55 Forging
34:47 Castle Age
32:55 Horse Collar
34:15 Wheelbarrow
33:26 Town Watch
33:46 Loom
39:18 Imperial Age
36:48 Gold Mining
37:36 Heavy Plow
37:57 Bodkin Arrow
39:24 Pikeman
41:03 Bow Saw
40:56 Onager
46:42 Siege Onager
51:21 Halberdier
gealoclothing
4:43 Loom
8:55 Loom
11:16 Feudal Age
12:41 Double-Bit Axe
16:05 Castle Age
14:35 Horse Collar
19:03 Bow Saw
25:17 Wheelbarrow
25:59 Heavy Plow
31:55 Imperial Age
29:40 Hand Cart
29:56 Husbandry
30:06 Bloodlines
30:08 Scale Barding Armor
30:13 Forging
31:16 Chain Barding Armor
32:06 Stone Mining
32:06 Gold Mining
32:50 Heavy Camel Rider
34:37 Plate Barding Armor
34:38 Iron Casting
34:52 Stone Shaft Mining
34:52 Gold Shaft Mining
37:27 Conscription
37:06 Capped Ram
40:17 Blast Furnace
hknarsln
12:29 Feudal Age
12:41 Feudal Age
15:06 Double-Bit Axe
17:47 Castle Age
15:37 Horse Collar
16:35 Stone Mining
16:37 Gold Mining
16:48 Gold Mining
18:11 Wheelbarrow
22:09 Loom
23:53 Fervor
24:50 Heavy Plow
25:55 Hand Cart
26:28 Scale Barding Armor
27:07 Forging
30:46 Iron Casting
30:32 Chain Barding Armor
33:25 Imperial Age
31:40 Sanctity
31:24 Devotion
33:59 Bloodlines
33:50 Husbandry
35:08 Blast Furnace
34:44 Plate Barding Armor
34:30 Elite Mameluke
35:35 Elite Mameluke
41:51 Chemistry
41:40 Siege Engineers
43:32 Caravan
49:02 Fletching
KingJo
11:38 Feudal Age
15:52 Castle Age
15:48 Double-Bit Axe
15:47 Horse Collar
18:00 Bow Saw
24:09 Heavy Plow
23:56 Loom
26:20 Wheelbarrow
25:46 Gold Mining
27:23 Town Watch
28:08 Scale Barding Armor
28:13 Forging
30:28 Iron Casting
31:52 Gold Shaft Mining
34:55 Imperial Age
32:48 Hand Cart
33:35 Chain Barding Armor
34:08 Bloodlines
34:12 Silk Armor
36:05 Conscription
36:35 Plate Barding Armor
37:54 Blast Furnace
36:31 Heavy Camel Rider
39:24 Husbandry
42:34 Cavalier
45:13 Man-at-Arms
45:56 Scale Mail Armor
46:25 Long Swordsman
48:35 Two-Handed Swordsman
Connection lost

Rejoining the realm…

Still unreachable

The connection could not be restored.

Session expired

The server has moved on; the page needs a fresh start.